 Dungeon Sprint DCSS version 0.20-a0-833-gc632bec (webtiles) character file.

8800000 esc the Conqueror (level 27, -6/273 HPs)
             Began as a Centaur Warper on Mar 7, 2017.
             Was the Champion of Makhleb.
             Killed by divine providence
             ... invoked by an accursed
              (12 damage)
             ... in the Dungeon (Sprint VIII: "Arena of Blood").
             The game lasted 00:02:38 (88 turns).

esc the Conqueror (Centaur Warper)                    Turns: 88, Time: 00:02:39

Health: -6/273     AC:  8    Str: 17    XL:     27
Magic:  36/54      EV: 31    Int: 12    God:    Makhleb [******]
Gold:   0          SH:  0    Dex: 19    Spells: 80/80 levels left

rFire    . . .     SeeInvis +   l - +∞ Axe of Woe
rCold    . . .     Gourm    .   b - +0 leather armour
rNeg     . . .     Faith    .   (shield currently unavailable)
rPois    .         Spirit   .   (no helmet)
rElec    .         Reflect  .   (no cloak)
rCorr    .         Harm     .   (no gloves)
MR       ++...     NoTele   +   (no barding)
Stlth    +++++++++.             (no amulet)
Regen    0.6/turn               (no ring)
MPRegen  0.4/turn               m - ring of see invisible {sInv, !d}

@: very quick
A: hooves 3, deformed body, speed 2, tough skin 3
a: Minor Destruction, Lesser Servant of Makhleb, Major Destruction, Greater
Servant of Makhleb, Renounce Religion


You were in the Dungeon.
You worshipped Makhleb.
Makhleb was exalted by your worship.
You were not hungry.

You visited 1 branch

Inventory:

Hand Weapons
 a - a +0 hand axe
 l - the +∞ Axe of Woe (weapon)
   (You found it in the Dungeon)
Missiles
 e - 5 tomahawks of dispersal {=f}
Armour
 b - a +0 leather armour (worn)
Jewellery
 m - a ring of see invisible (left hand) {sInv, !d}
   (You found it in the Dungeon)
Scrolls
 d - 2 scrolls of blinking {!r}
Potions
 g - a potion of curing
 h - a potion of heal wounds
 i - a potion of haste
 j - 2 potions of magic
 k - a potion of berserk rage {!q}
Books
 c - a book of Spatial Translocations
Comestibles
 f - a bread ration {@e1}


   Skills:
 O Level 27 Fighting
 O Level 27 Axes
 O Level 27 Throwing
 O Level 27 Armour
 O Level 27 Dodging
 O Level 27 Stealth
 O Level 27 Unarmed Combat
 O Level 27 Spellcasting
   Level 2.6 Translocations
 O Level 27 Invocations


You had 80 spell levels left.
You didn't know any spells.

Dungeon Overview and Level Annotations

Branches:
Dungeon (1/1)

Altars:
Makhleb


Innate Abilities, Weirdness & Mutations

You have hooves in place of feet.
Armour fits poorly on your strangely shaped body.
You cover ground very quickly.
You have extremely tough skin. (AC +3)


Message History

Your body is wracked with pain!
The bag of meat convulses! x5; The large bag of meat convulses!
A crawling corpse merges with a small abomination to form a large abomination.
You hear a shout! x2
A crawling corpse comes into view.
You regained 19 hp, and now have 109/273 hp.
Unknown command.
Unknown command.
You slice the bag of meat!!
You pulverise the bag of meat into a thin bloody mist.
You kill the bag of meat!
Makhleb accepts your kill.
You feel better.
You hear a shout! x4
The eight-headed meat hydra calls on the powers of darkness!
The eight-headed meat hydra convulses! x2; The large bag of meat convulses!
The bag of meat convulses!
Your body is wracked with pain!
* * * LOW HITPOINT WARNING * * *
The bag of meat convulses! x4; The meat berserker convulses!
The bag of meat convulses!
The large bag of meat convulses!
You hear a shout! x3
A meat berserker comes into view. It is wielding a +9 battleaxe.
You take 31 damage, and have 78/273 hp.
Unknown command.
You slice the bag of meat!!
You butcher the bag of meat messily.
You kill the bag of meat!
Makhleb accepts your kill.
You feel better.
You hear a shout!
The meat beast appears out of thin air!
A meat beast comes into view.
You hear a shout! x6
An eight-headed meat hydra comes into view.
You regained 39 hp, and now have 117/273 hp.
Unknown command.
Unknown command.
The meat beast roars deafeningly!
You slash the bag of meat!
You hew the bag of meat savagely.
You kill the bag of meat!
Makhleb accepts your kill.
You feel better.
You slash the crawling corpse!
You pulverise the crawling corpse into a thin bloody mist.
You destroy the crawling corpse!
You hear a shout! x4
The eight-headed meat hydra calls on the powers of darkness!
The eight-headed meat hydra convulses! x2; The large bag of meat convulses!
The bag of meat convulses! x2
Your body is wracked with pain!
The meat berserker convulses!
The bag of meat convulses! x3
The large bag of meat convulses!
The corpses meld into an agglomeration of writhing flesh!
The eight-headed meat hydra calls on the powers of darkness!
The eight-headed meat hydra convulses!
The large bag of meat convulses!
The bag of meat convulses! x2; The eight-headed meat hydra convulses!
The meat berserker convulses!
Your body is wracked with pain!
* * * LOW HITPOINT WARNING * * *
The bag of meat convulses! x5; The large bag of meat convulses!
You hear a shout!
The accursed gestures at you while chanting.
Something smites you!
* * * LOW HITPOINT WARNING * * *
You hear a shout!
The dread calls on the powers of darkness!
The bag of meat convulses! x6
Your body is wracked with pain!
* * * LOW HITPOINT WARNING * * *
The large bag of meat convulses!
The bag of meat convulses!
The large bag of meat convulses!
The bag of meat convulses!
The eight-headed meat hydra convulses! x2; The bag of meat convulses!
The meat berserker convulses!
You hear a shout! x2
A small abomination comes into view.
You take 100 damage, and have 17/273 hp.
MASSIVE DAMAGE!!
You hit the bag of meat.
You fatally mangle the bag of meat.
You kill the bag of meat!
Makhleb accepts your kill.
You hear a shout! x6
The eight-headed meat hydra calls on the powers of darkness!
The eight-headed meat hydra convulses!
The large bag of meat convulses!
The eight-headed meat hydra convulses!
The bag of meat convulses! x2
The meat berserker convulses!
Your body is wracked with pain!
* * * LOW HITPOINT WARNING * * *
The bag of meat convulses! x2; The meat berserker convulses!
The bag of meat convulses!
The large bag of meat convulses!
The bag of meat convulses!
The eight-headed meat hydra calls on the powers of darkness!
The eight-headed meat hydra convulses!
The bag of meat convulses!
The eight-headed meat hydra convulses!
The large bag of meat convulses!
The meat berserker convulses!
The bag of meat convulses!
Your body is wracked with pain!
* * * LOW HITPOINT WARNING * * *
The meat berserker convulses!
The bag of meat convulses! x3
The large bag of meat convulses!
The bag of meat convulses! x2
The accursed gestures at you while chanting.
Something smites you!
You die...

...####z.........#
.... .......M..).#
......W.o.#....Dx#
... ..o......W.).#
.. o......#..oXXo#
.......zooO#
...##.Wxo)# #.
....2..)o# ..
###..V)@# ..
.....2).# ..
D....Oo.# ..
..D....=# .
...o..O.#
........# ..
#..#....# #.
..#O....#


You could see an accursed, 2 meat beasts, 3 eight-headed meat hydras, a
destroyer, a sculptor of flesh, 2 large bags of meat, 2 large abominations, a
wretched soul (invisible), a dread, 2 meat berserkers, 2 small abominations and
8 bags of meat.

Vanquished Creatures
  A hell beast (D)
  A greater mummy (D)
  Harold (D)
  2 vampire knights (D)
  15 ogres (D)
  3 two-headed ogres (D)
  45 orcs (D)
  A skeletal warrior (D)
  A small abomination (D)
  A crawling corpse (D)
71 creatures vanquished.

Vanquished Creatures (others)
  A crawling corpse (D)
1 creature vanquished.

Grand Total: 72 creatures vanquished

Notes
Turn   | Place    | Note
-------+----------+-------------------------------------------
     0 | D        | esc the Centaur Warper began the quest for the Orb.
     0 | D        | Reached XP level 1. HP: 17/17 MP: 3/3
     4 | D        | Became a worshipper of Makhleb the Destroyer
     6 | D        | Noticed a bag of meat
     6 | D        | Noticed a bag of meat
     6 | D        | Noticed a bag of meat
     7 | D        | Noticed a bag of meat
     8 | D        | Noticed a meat berserker
    10 | D        | Noticed a meat berserker
    10 | D        | Noticed a bag of meat
    11 | D        | Noticed a bag of meat
    11 | D        | Noticed a bag of meat
    11 | D        | Noticed a meat berserker
    12 | D        | Noticed a large bag of meat
    12 | D        | Noticed a meat berserker
    12 | D        | Killed a meat berserker
    12 | D        | Reached skill level 16 in Fighting
    12 | D        | Reached skill level 15 in Axes
    12 | D        | Reached skill level 13 in Armour
    12 | D        | Reached skill level 13 in Dodging
    12 | D        | Reached XP level 2. HP: 50/50 MP: 4/4
    12 | D        | Reached XP level 3. HP: 57/57 MP: 5/5
    12 | D        | Reached XP level 4. HP: 64/64 MP: 6/6
    12 | D        | Reached XP level 5. HP: 72/72 MP: 7/7
    12 | D        | Reached XP level 6. HP: 80/80 MP: 8/8
    12 | D        | Reached XP level 7. HP: 86/86 MP: 9/9
    12 | D        | Reached XP level 8. HP: 94/94 MP: 10/10
    12 | D        | Reached XP level 9. HP: 101/101 MP: 11/11
    12 | D        | Reached XP level 10. HP: 110/110 MP: 12/12
    12 | D        | Reached XP level 11. HP: 116/116 MP: 13/13
    12 | D        | Reached XP level 12. HP: 124/124 MP: 14/14
    12 | D        | Reached XP level 13. HP: 130/130 MP: 15/15
    12 | D        | Killed a bag of meat
    12 | D        | Reached * piety under Makhleb
    12 | D        | Reached skill level 18 in Fighting
    12 | D        | Reached skill level 16 in Axes
    12 | D        | Reached skill level 14 in Armour
    12 | D        | Reached skill level 14 in Dodging
    12 | D        | Killed a bag of meat
    12 | D        | Reached skill level 19 in Fighting
    12 | D        | Reached skill level 18 in Axes
    12 | D        | Reached skill level 15 in Armour
    12 | D        | Reached skill level 15 in Dodging
    12 | D        | Reached XP level 14. HP: 146/146 MP: 16/16
    13 | D        | Noticed a bag of meat
    13 | D        | Noticed a bag of meat
    13 | D        | Noticed a bag of meat
    13 | D        | Noticed a bag of meat
    13 | D        | Noticed a bag of meat
    14 | D        | Noticed a bag of meat
    14 | D        | Noticed a bag of meat
    14 | D        | Noticed a bag of meat
    15 | D        | Noticed a bag of meat
    15 | D        | Noticed a bag of meat
    15 | D        | Killed a bag of meat
    15 | D        | Reached skill level 20 in Fighting
    15 | D        | Reached skill level 16 in Armour
    15 | D        | Reached skill level 16 in Dodging
    15 | D        | Killed a meat berserker
    15 | D        | Reached ** piety under Makhleb
    15 | D        | Reached skill level 22 in Fighting
    15 | D        | Reached skill level 20 in Axes
    15 | D        | Reached skill level 17 in Armour
    15 | D        | Reached skill level 17 in Dodging
    15 | D        | Reached XP level 15. HP: 160/160 MP: 17/17
    15 | D        | Reached skill level 21 in Axes
    15 | D        | Reached skill level 18 in Armour
    15 | D        | Reached skill level 18 in Dodging
    16 | D        | Noticed a meat berserker
    16 | D        | Killed a large bag of meat
    16 | D        | Reached skill level 24 in Fighting
    16 | D        | Reached skill level 22 in Axes
    16 | D        | Reached skill level 19 in Armour
    16 | D        | Reached skill level 19 in Dodging
    16 | D        | Reached XP level 16. HP: 135/174 MP: 18/18
    16 | D        | Killed a meat berserker
    16 | D        | Reached *** piety under Makhleb
    16 | D        | Reached skill level 25 in Fighting
    16 | D        | Reached skill level 23 in Axes
    16 | D        | Reached skill level 20 in Armour
    16 | D        | Reached skill level 20 in Dodging
    16 | D        | Reached XP level 17. HP: 143/185 MP: 19/19
    17 | D        | Noticed a meat berserker
    18 | D        | Noticed a meat berserker
    18 | D        | Reached skill level 26 in Fighting
    18 | D        | Reached skill level 24 in Axes
    18 | D        | Reached skill level 21 in Armour
    18 | D        | Reached skill level 21 in Dodging
    18 | D        | Killed a meat berserker
    18 | D        | Reached **** piety under Makhleb
    18 | D        | Reached skill level 27 in Fighting
    18 | D        | Reached skill level 26 in Axes
    18 | D        | Reached skill level 22 in Armour
    18 | D        | Reached skill level 22 in Dodging
    18 | D        | Reached XP level 18. HP: 173/200 MP: 20/20
    19 | D        | Reached skill level 23 in Armour
    19 | D        | Reached skill level 23 in Dodging
    19 | D        | Killed a meat berserker
    19 | D        | Reached skill level 27 in Axes
    19 | D        | Reached skill level 24 in Armour
    19 | D        | Reached skill level 24 in Dodging
    20 | D        | esc: !apt ce
    20 | D        | beem: Ce: Fighting: 0, Short: -1, Long: -1, Axes: -1, Maces: -1, Polearms: -1, Staves: -1, Slings: 1, Bows: 3!, Xbows: 1, Throw: 1!, Armour: -3*, Dodge: -3*, Stealth: -4, Shields: -3*, UC: 0, Splcast: -3, Conj: -1, Hexes: -1, Charms: -1, Summ: -1, Nec: -1, Tloc: -1, Tmut: -1, Fire: -1, Ice: -1, Air: -1, Earth: -1, Poison: -2, Inv: 1, Evo: -1, Exp: -1, HP: 1, MP: 0
    20 | D        | Noticed a meat berserker
    21 | D        | Reached ***** piety under Makhleb
    21 | D        | Reached skill level 25 in Armour
    21 | D        | Reached skill level 25 in Dodging
    21 | D        | Reached skill level 26 in Armour
    21 | D        | Reached skill level 26 in Dodging
    21 | D        | Reached XP level 19. HP: 207/207 MP: 21/21
    21 | D        | Killed a meat berserker
    21 | D        | Reached skill level 27 in Armour
    21 | D        | Reached skill level 27 in Dodging
    21 | D        | Reached skill level 8 in Throwing
    21 | D        | Reached skill level 5 in Stealth
    21 | D        | Reached skill level 7 in Unarmed Combat
    21 | D        | Reached skill level 5 in Spellcasting
    21 | D        | Reached skill level 8 in Invocations
    21 | D        | Reached skill level 10 in Throwing
    21 | D        | Reached skill level 6 in Stealth
    21 | D        | Reached skill level 9 in Unarmed Combat
    21 | D        | Reached skill level 7 in Spellcasting
    21 | D        | Reached skill level 10 in Invocations
    21 | D        | Reached skill level 12 in Throwing
    21 | D        | Reached skill level 8 in Stealth
    21 | D        | Reached skill level 11 in Unarmed Combat
    21 | D        | Reached skill level 9 in Spellcasting
    21 | D        | Reached skill level 12 in Invocations
    21 | D        | Reached skill level 14 in Throwing
    21 | D        | Reached skill level 9 in Stealth
    21 | D        | Reached skill level 13 in Unarmed Combat
    21 | D        | Reached skill level 10 in Spellcasting
    21 | D        | Reached skill level 14 in Invocations
    21 | D        | Reached XP level 20. HP: 216/216 MP: 21/34
    23 | D        | Noticed a meat berserker
    25 | D        | Noticed a destroyer
    25 | D        | Reached skill level 15 in Throwing
    25 | D        | Reached skill level 10 in Stealth
    25 | D        | Reached skill level 14 in Unarmed Combat
    25 | D        | Reached skill level 11 in Spellcasting
    25 | D        | Reached skill level 15 in Invocations
    25 | D        | Reached skill level 16 in Throwing
    25 | D        | Reached skill level 11 in Stealth
    25 | D        | Reached skill level 15 in Unarmed Combat
    25 | D        | Reached skill level 12 in Spellcasting
    25 | D        | Reached skill level 16 in Invocations
    25 | D        | Killed a meat berserker
    25 | D        | Reached skill level 19 in Throwing
    25 | D        | Reached skill level 13 in Stealth
    25 | D        | Reached skill level 17 in Unarmed Combat
    25 | D        | Reached skill level 14 in Spellcasting
    25 | D        | Reached skill level 19 in Invocations
    26 | D        | Noticed a large bag of meat
    30 | D        | Reached ****** piety under Makhleb
    30 | D        | Reached skill level 18 in Unarmed Combat
    30 | D        | Reached skill level 20 in Throwing
    30 | D        | Reached skill level 14 in Stealth
    30 | D        | Reached skill level 19 in Unarmed Combat
    30 | D        | Reached skill level 15 in Spellcasting
    30 | D        | Reached skill level 20 in Invocations
    30 | D        | Reached XP level 21. HP: 224/224 MP: 22/40
    30 | D        | Reached skill level 21 in Throwing
    30 | D        | Reached skill level 15 in Stealth
    30 | D        | Reached skill level 20 in Unarmed Combat
    30 | D        | Reached skill level 16 in Spellcasting
    30 | D        | Reached skill level 21 in Invocations
    31 | D        | Noticed The Servant
    31 | D        | Killed a large bag of meat
    31 | D        | Reached skill level 23 in Throwing
    31 | D        | Reached skill level 16 in Stealth
    31 | D        | Reached skill level 21 in Unarmed Combat
    31 | D        | Reached skill level 17 in Spellcasting
    31 | D        | Reached skill level 23 in Invocations
    33 | D        | Killed The Servant
    33 | D        | Reached skill level 25 in Throwing
    33 | D        | Reached skill level 17 in Stealth
    33 | D        | Reached skill level 23 in Unarmed Combat
    33 | D        | Reached skill level 19 in Spellcasting
    33 | D        | Reached skill level 25 in Invocations
    33 | D        | Reached XP level 22. HP: 219/233 MP: 23/45
    33 | D        | Reached skill level 26 in Throwing
    33 | D        | Reached skill level 18 in Stealth
    33 | D        | Reached skill level 24 in Unarmed Combat
    33 | D        | Reached skill level 26 in Invocations
    33 | D        | Reached skill level 27 in Throwing
    33 | D        | Reached skill level 19 in Stealth
    33 | D        | Reached skill level 25 in Unarmed Combat
    33 | D        | Reached skill level 20 in Spellcasting
    33 | D        | Reached skill level 27 in Invocations
    36 | D        | Noticed a large bag of meat
    36 | D        | Killed a destroyer
    36 | D        | Reached skill level 21 in Stealth
    36 | D        | Reached skill level 27 in Unarmed Combat
    36 | D        | Reached skill level 22 in Spellcasting
    37 | D        | Reached skill level 22 in Stealth
    37 | D        | Reached skill level 24 in Spellcasting
    37 | D        | Reached XP level 23. HP: 240/240 MP: 24/51
    37 | D        | Reached skill level 23 in Stealth
    37 | D        | Reached skill level 25 in Spellcasting
    39 | D        | Noticed a destroyer
    40 | D        | Noticed a destroyer
    45 | D        | Noticed a large bag of meat
    51 | D        | Reached skill level 24 in Stealth
    51 | D        | Reached skill level 25 in Stealth
    51 | D        | Reached skill level 27 in Spellcasting
    53 | D        | Reached skill level 27 in Stealth
    53 | D        | Reached XP level 24. HP: 249/249 MP: 27/54
    57 | D        | Killed a large bag of meat
    58 | D        | Noticed an accursed
    58 | D        | Killed an accursed
    58 | D        | Reached XP level 25. HP: 192/257 MP: 28/54
    62 | D        | Noticed a dread
    62 | D        | Noticed an accursed
    64 | D        | Noticed a meat beast
    68 | D        | Reached XP level 26. HP: 266/266 MP: 31/54
    70 | D        | Killed a meat beast
    70 | D        | Reached XP level 27. HP: 273/273 MP: 31/54
    80 | D        | Noticed a destroyer
    81 | D        | Noticed a destroyer
    82 | D        | Noticed a large bag of meat
    83 | D        | Noticed a meat beast
    84 | D        | Killed a destroyer
    87 | D        | Noticed a meat beast
    87 | D        | HP: 44/273 [??? (41)]
    87 | D        | HP: 17/273 [??? (14)]
    88 | D        | HP: 6/273 [??? (4)]
    88 | D        | Killed from afar by an accursed

Vault maps used:
D:        meatsprint

Skill      XL: |  1  2  3  4  5  6  7  8  9 10 11 12 13 14 15 16 17 18 19 20 21 22 23 |
---------------+----------------------------------------------------------------------+-----
Fighting       | 16 19 22 24 25 27 | 27.0
Axes           | 15 18 20 22 23 26 27 | 27.0
Armour         | 13 15 17 19 20 22 26 27 | 27.0
Dodging        | 13 15 17 19 20 22 26 27 | 27.0
Throwing       | 14 20 25 27 | 27.0
Stealth        | 9 14 17 22 27 | 27.0
Unarmed Combat | 13 19 23 27 | 27.0
Spellcasting   | 10 15 19 24 27 | 27.0
Invocations    | 14 20 25 27 | 27.0
Translocations | |  2.6

Action                   |  1- 3 |  4- 6 |  7- 9 | 10-12 | 13-15 | 16-18 | 19-21 | 22-24 | 25-27 || total
-------------------------+-------+-------+-------+-------+-------+-------+-------+-------+-------++-------
Melee: Executioner's axe |     1 |       |       |       |     2 |     3 |     4 |     7 |    15 ||    32
Dodge: Dodged            |       |       |       |       |       |       |     3 |     2 |     2 ||     7

Vault maps used:
D:        meatsprint

Table legend:
 A = Turns spent in this place as a percentage of turns spent in the entire game.
 B = Non-inter-level travel turns spent in this place as a percentage of non-inter-level travel turns spent in the entire game.
 C = Inter-level travel turns spent in this place as a percentage of turns spent in this place.
 D = Turns resting spent in this place as a percentage of non-inter-level travel turns spent in this place.
 E = Turns spent auto-exploring this place as a percentage of non-inter-level travel turns spent in this place.
 F = Non-inter-level travel turns spent in this place divided by the number of levels of this place that you've seen.
                   A       B       C       D       E      F
               +-------+-------+-------+-------+-------+----------------------
         Total | 100.0 | 100.0 |   0.0 |   0.0 |   0.0 | 143.0
       Dungeon | 100.0 | 100.0 |   0.0 |   0.0 |   0.0 | 143.0
               +-------+-------+-------+-------+-------+----------------------

Table legend:
 A = Kills in this place as a percentage of kills in entire the game.
 B = Kills by you in this place as a percentage of kills by you in the entire game.
 C = Kills by friends in this place as a percentage of kills by friends in the entire game.
 D = Other kills in this place as a percentage of other kills in the entire game.
 E = Experience gained in this place as a percentage of experience gained in the entire game.
 F = Experience gained in this place divided by the number of levels of this place that you have seen.
                   A       B       C       D       E      F
               +-------+-------+-------+-------+-------+----------------------
         Total | 100.0 | 100.0 |  -nan |  -nan | 100.0 | 1742005.0
       Dungeon | 100.0 | 100.0 |  -nan |  -nan | 100.0 | 1742005.0
               +-------+-------+-------+-------+-------+----------------------
